 Dungeon Sprint DCSS version 0.21-a0-274-gc1afaeb (webtiles) character file.

1598 potatolord6000 the Cleaver (level 8, -5/74 HPs)
             Began as a Minotaur Gladiator on Sept 19, 2017.
             Was a Follower of Hepliaklqana.
             Slain by a freezing wraith (23 damage)
             ... in the Dungeon (Sprint VII: "The Pits").
             The game lasted 00:02:44 (958 turns).

potatolord6000 the Cleaver (Minotaur Gladiator)      Turns: 958, Time: 00:02:45

Health: -5/74      AC: 15    Str: 22    XL:     8   Next: 62%
Magic:  7/7        EV: 13    Int:  5    God:    Hepliaklqana [*.....]
Gold:   0          SH:  0    Dex: 11    Spells: 7/7 levels left

rFire    . . .     SeeInvis .   a - +0 war axe
rCold    . . .     Gourm    .   (no shield)
rNeg     . . .     Faith    .   e - +3 chain mail
rPois    .         Spirit   .   c - +0 hat
rElec    .         Reflect  .   (no cloak)
rCorr    .         Harm     .   (no gloves)
MR       .....     NoTele   +   (no boots)
Stlth    ..........             (no amulet)
HPRegen  0.22/turn              (no ring)
MPRegen  0.10/turn              (no ring)

@: very slightly contaminated, invisible
A: retaliatory headbutt, reduced essence, horns 2
a: Recall Ancestor, Ancestor Identity, Renounce Religion


You were in the Dungeon.
You worshipped Hepliaklqana.
Hepliaklqana was aware of your devotion.
You were full.

You visited 1 branch

Inventory:

Hand Weapons
 a - a +0 war axe (weapon)
Armour
 c - a +0 hat (worn)
 e - a +3 chain mail (worn)
Scrolls
 k - a scroll of blinking
 l - 3 scrolls of remove curse
 m - 5 scrolls of amnesia
 n - a scroll of summoning
Potions
 b - 5 potions of curing
 g - 6 potions of heal wounds
 i - 4 potions of magic
Comestibles
 f - 8 bread rations
 o - 29 fruits
 p - 7 meat rations


   Skills:
 + Level 11.7 Fighting
 + Level 11.9 Axes
 - Level 2.0 Throwing
 + Level 11.4 Armour
 + Level 11.0 Dodging


You had 7 spell levels left.
You didn't know any spells.

Dungeon Overview and Level Annotations

Branches:
Dungeon (1/1)

Altars:
Ashenzari
Cheibriados
Dithmenos
Elyvilon
Fedhas
Gozag
Hepliaklqana
Kikubaaqudgha
Makhleb
Nemelex Xobeh
Okawaru
Qazlal
Ru
Sif Muna
Trog
Uskayaw
Vehumet
Wu Jian
Xom
Yredelemnul
Zin
The Shining One
Beogh
Jiyva
Lugonu


Innate Abilities, Weirdness & Mutations

You reflexively headbutt those who attack you in melee.
You have a pair of horns on your head.
Your life essence is reduced to manifest your ancestor. (-10% HP)


Message History

Deactivating autopickup; reactivate with Ctrl-A.
Gnaeus barely misses something.
The deep elf mage points at you and mumbles some strange words.
The bolt of lightning misses you.
You are very lightly contaminated with residual magic.
Unknown command.
Okay, then.
Okay, then.
Unknown command.
Something hits you.
The deep elf mage casts a spell at Gnaeus.
The bolt of lightning hits you!
Ouch! That really hurt!
The bolt of lightning hits Gnaeus.
Gnaeus is destroyed!
There is an open door, spattered with blood here.
Something hits you. The freezing wraith hits you!
* * * LOW HITPOINT WARNING * * *
The freezing wraith freezes you!!
You die...

#.#####'#####...<...#
#.#...)))[.##.......#
#.#...)))[.##.......#
#)###########.......#
#.......#..##########
#..#.#..#.######
#.##.##.#.#.e..#
#.......#รท#....#
#.##.##.#.'@...+
#..#.#..#'#W...#
#.......'.#....#
################


You could see a freezing wraith and a deep elf mage.

Vanquished Creatures
  A flayed ghost (D)
  A deep elf mage (D)
  A hungry ghost (D)
  A fire bat (D)
  A warg (D)
  A floating eye (D)
  A wolf (D)
  An orc priest (D)
  An orc wizard (D)
  A gnoll (D)
  2 adders (D)
  An ufetubus (D)
  A worm (D)
  A leopard gecko (D)
  An orc (D)
  A ball python (D)
  A bat (D)
  A giant cockroach (D)
  A hobgoblin (D)
  6 jackals (D)
  2 rats (D)
28 creatures vanquished.

Vanquished Creatures (others)
  3 ancestors (D)
3 creatures vanquished.

Grand Total: 31 creatures vanquished

Notes
Turn   | Place    | Note
-------+----------+-------------------------------------------
     0 | D        | potatolord6000 the Minotaur Gladiator began the quest for the Orb.
     0 | D        | Reached XP level 1. HP: 18/18 MP: 0/0
    14 | D        | Reached skill level 1 in Armour
    19 | D        | Found a bloodstained altar of Trog.
    19 | D        | Found a deep blue altar of Sif Muna.
    19 | D        | Found a viscous altar of Jiyva.
    19 | D        | Found a hazy altar of Hepliaklqana.
    19 | D        | Found an opulent altar of Gozag.
    21 | D        | Found a glowing golden altar of the Shining One.
    21 | D        | Found a glowing silver altar of Zin.
    21 | D        | Found a basalt altar of Yredelemnul.
    21 | D        | Found a shimmering altar of Xom.
    21 | D        | Found an ornate altar of the Wu Jian Council.
    21 | D        | Found a sacrificial altar of Ru.
    21 | D        | Found a stormy altar of Qazlal.
    21 | D        | Found an iron altar of Okawaru.
    21 | D        | Found a sparkling altar of Nemelex Xobeh.
    21 | D        | Found a burning altar of Makhleb.
    21 | D        | Found a blossoming altar of Fedhas.
    21 | D        | Found a white marble altar of Elyvilon.
    21 | D        | Found a shadowy altar of Dithmenos.
    21 | D        | Found a snail-covered altar of Cheibriados.
    23 | D        | Found a radiant altar of Vehumet.
    23 | D        | Found a corrupted altar of Lugonu.
    23 | D        | Found a roughly hewn altar of Beogh.
    24 | D        | Found a hide-covered altar of Uskayaw.
    24 | D        | Found an ancient bone altar of Kikubaaqudgha.
    24 | D        | Found a shattered altar of Ashenzari.
    41 | D        | Became a worshipper of Hepliaklqana the Forgotten
   134 | D        | Reached XP level 2. HP: 24/24 MP: 1/1
   239 | D        | Noticed a wolf
   248 | D        | Killed a wolf
   248 | D        | Reached skill level 5 in Fighting
   248 | D        | Reached skill level 5 in Armour
   248 | D        | Reached skill level 5 in Dodging
   248 | D        | Reached XP level 3. HP: 14/33 MP: 2/2
   248 | D        | Reached XP level 4. HP: 17/39 MP: 3/3
   264 | D        | Noticed a floating eye
   266 | D        | Killed a floating eye
   266 | D        | Reached XP level 5. HP: 14/46 MP: 4/4
   491 | D        | Reached * piety under Hepliaklqana
   504 | D        | Noticed a hungry ghost
   506 | D        | Noticed a deep elf mage
   532 | D        | Killed a deep elf mage
   532 | D        | Reached skill level 10 in Axes
   532 | D        | Reached XP level 6. HP: 50/59 MP: 5/5
   532 | D        | Reached XP level 7. HP: 53/63 MP: 6/6
   544 | D        | Killed a hungry ghost
   544 | D        | Reached skill level 10 in Fighting
   545 | D        | Reached skill level 10 in Armour
   728 | D        | Noticed a flayed ghost
   735 | D        | Killed a flayed ghost
   735 | D        | Reached skill level 10 in Dodging
   735 | D        | Reached XP level 8. HP: 73/73 MP: 4/7
   955 | D        | Noticed a deep elf mage
   955 | D        | Noticed a freezing wraith
   958 | D        | Slain by a freezing wraith

Vault maps used:
D:        pitsprint

Skill      XL: |  1  2  3  4  5  6  7  8 |
---------------+-------------------------+-----
Armour         | 2 5 6 9 11 | 11.4
Fighting       | 3 5 7 9 11 | 11.7
Axes           | 4 6 7 10 11 | 11.9
Dodging        | 4 5 7 9 10 11 | 11.0
Throwing       | |  2.0

Action                   |  1- 3 |  4- 6 |  7- 9 || total
-------------------------+-------+-------+-------++-------
Melee: War axe           |    16 |    22 |    40 ||    78
       Headbutt          |     4 |     4 |     5 ||    13
Invok: Recall Ancestor   |       |       |     1 ||     1
  Use: Potion            |     4 |       |     3 ||     7
 Stab: Invisible         |       |     3 |       ||     3
       Sleeping          |       |     1 |       ||     1
  Eat: Fruit             |       |       |    11 ||    11
Armor: Leather armour    |     7 |     1 |       ||     8
       Chain mail        |       |     7 |    32 ||    39
Dodge: Dodged            |    13 |    14 |    25 ||    52

Table legend:
 A = Spawn XP
 B = Non-spawn XP
 C = Spawn XP percentage of total XP
 D = Spawn monster count
 E = Non-spawn monster count
 F = Spawn count percentage of total count
 G = Total turns spent on level
                    A         B        C        D         E        F      G
               +---------+---------+-------+---------+---------+-------+---------
         Total |       0 |    2283 |   0.0 |       0 |      28 |   0.0 |   958
               +---------+---------+-------+---------+---------+-------+---------
             D |       0 |    2283 |   0.0 |       0 |      28 |   0.0 |   958
               +---------+---------+-------+---------+---------+-------+---------
